 Dungeon Crawl Stone Soup version 0.31-a0-180-g519b7de00c (webtiles) character file.

Game seed: 1290774581999502721

1115 qw the Chopper (level 8, -9/48 HPs)
             Began as a Gargoyle Fighter on June 20, 2023.
             Killed by divine providence
             ... invoked by an orc priest
              (13 damage)
             ... on level 6 of the Dungeon.
             The game lasted 00:02:04 (4674 turns).

qw the Chopper (Gargoyle Fighter)                   Turns: 4674, Time: 00:02:04

Health: -9/48      AC: 19    Str: 23    XL:     8   Next: 34%
Magic:  8/8        EV:  5    Int:  8    God:
Gold:   294        SH: 14    Dex:  9    Spells: 7/7 levels left

rFire   . . .        Y - +0 war axe (elec)
rCold   . . .        e - +0 kite shield
rNeg    + . .        a - +0 plate armour
rPois   inf          (no helmet)
rElec   +            p - +0 cloak
rCorr   .            g - +0 pair of gloves
SInv    .            (no boots)
Will    .....        b - amulet of reflection Stlth
                     (no ring)
HPRegen 0.28/turn    (no ring)
MPRegen 0.11/turn

%: reflection
@: no status effects
A: sickness immunity, AC +5, negative energy resistance 1, electricity
resistance, torment resistance 1, petrification resistance
a: no special abilities


You were on level 6 of the Dungeon.
You visited 1 branch of the dungeon, and saw 6 of its levels.

You collected 294 gold pieces.


Innate Abilities, Weirdness & Mutations

You are immune to sickness and miasma.
Your stone body is resilient. (AC +5)
You are immune to poison.
You resist negative energy. (rN+)
You are resistant to electric shocks. (rElec)
You are resistant to unholy torment.
You are immune to petrification.


   Skills:
 - Level 4.9 Fighting
 + Level 6.6 Axes
 - Level 4.1 Armour
 - Level 6.4 Shields


You had 7 spell levels left.
You didn't know any spells.
Your spell library was empty.

Inventory:

Hand Weapons
 q - a +0 flail
 Y - a +0 war axe of electrocution (weapon)
Armour
 a - a +0 plate armour (worn)
 e - a +0 kite shield (worn)
 g - a +0 pair of gloves (worn)
 p - a +0 cloak (worn)
Jewellery
 b - an amulet of reflection (around neck)
Scrolls
 k - a scroll of identify
Potions
 d - a potion of might
 f - a potion of resistance
 h - a potion of heal wounds {unknown}
 i - a potion of attraction
 j - a potion of degeneration {unknown}
 l - a potion of cancellation
 m - a potion of brilliance {unknown}
 n - a potion of magic
 o - a potion of enlightenment {unknown}

Dungeon Overview and Level Annotations

Branches:
Dungeon (6/15)
 Temple: D:4-7

Altars:
Fedhas
Gozag
Hepliaklqana
Makhleb
Vehumet

Shops:
D:4 *

Annotations:
D:4 2 transporters, qw's ghost, amateur NaHu


Message History

You hit the orc.
You kill the orc!
You hit the orc priest.
The orc priest is moderately wounded.
The orc priest invokes the aid of Beogh against you.
Pain shoots through your body! You block the orc priest's attack.
You hit the orc priest.
The orc priest is moderately wounded.
The orc priest invokes the aid of Beogh against you.
Beogh smites you!
You closely miss the orc priest.
The orc priest is moderately wounded.
You block the orc priest's attack.
You closely miss the orc priest.
The orc priest is moderately wounded.
The orc priest barely misses you.
The orc priest invokes the aid of Beogh against you.
Beogh smites you!
You slash the orc priest!
You kill the orc priest!
An orc priest comes into view. It is wielding a +0 flail.
You hit the orc.
The orc is heavily wounded.
The orc barely misses you.
The orc priest calls down the wrath of Beogh upon you.
Beogh smites you!
You closely miss the orc.
The orc is heavily wounded.
The orc barely misses you.
You hit the orc. Lightning courses through the orc!!
You kill the orc!
You block the orc's attack.
You closely miss the orc. You block the orc's attack.
A white imp comes into view.
You hit the orc. Lightning courses through the orc!!
You kill the orc!
The orc priest mumbles some strange prayers to Beogh against you.
Beogh smites you!
You die...

.# #o# o. .o
###. ####.5
#...o# #)###.#
#@#.#.#
##########.###.#
........##.#
........##.#
...>.......# ###
..........## #.#
........#..# #.#
...........# #.#
########...#
#.#######


You could see an orc priest and a white imp.

Vanquished Creatures
  Eustachio (D:5)
  Edmund (D:6)
  Duvessa (D:5)
  A black bear (D:4)
  An ogre (D:5)
  A scorpion (D:6)
  Dowan (D:5)
  2 hounds
  An orc priest (D:6)
  2 iguanas
  7 orc wizards (D:4)
  3 gnolls (D:4)
  5 adders
  A river rat (D:5)
  A white imp (D:5)
  An ufetubus (D:4)
  2 worms
  2 dart slugs
  15 orcs
  11 endoplasms
  2 giant cockroaches
  4 hobgoblins
  3 jackals (D:4)
  3 kobolds
  2 quokkas
  5 ball pythons
  8 bats
  4 frilled lizards
  10 goblins
  8 rats
  A spectral hobgoblin (D:5)
110 creatures vanquished.

Notes
Turn   | Place    | Note
-------+----------+-------------------------------------------
     0 | D:1      | qw the Gargoyle Fighter began the quest for the Orb.
     0 | D:1      | Reached XP level 1. HP: 14/14 MP: 1/1
     0 | D:1      | 0 ||| qw: Version: 0.3-a-9-g12657ce
     0 | D:1      | 0 ||| qw: Game counter: 1175
     0 | D:1      | 0 ||| qw: Always use a shield: true
     0 | D:1      | 0 ||| qw: God list: Okawaru
     0 | D:1      | 0 ||| qw: Allow faded altars: false
     0 | D:1      | 0 ||| qw: Do Orc after D:15 true
     0 | D:1      | 0 ||| qw: Do second Lair branch before Depths: true
     0 | D:1      | 0 ||| qw: Lair rune preference: random
     0 | D:1      | 0 ||| qw: Plans: Normal, Zot:1-4, Slime:5, God:TSO, Crypt,
                  | Tomb, Abyss, Pan, Hells, Win
     0 | D:1      | 0 ||| PLANNING D:1-11
    76 | D:1      | 76 ||| Stepping ~*~*~tactically~*~*~ (hiding).
   136 | D:1      | Reached XP level 2. HP: 19/19 MP: 2/2
   692 | D:1      | 692 ||| READING scroll labelled QINICY WENEAL.
   697 | D:1      | 697 ||| READING scroll labelled EWKIKU ANTURITO.
   698 | D:1      | 698 ||| READING scroll labelled XYXZIMN ENYMY.
   699 | D:1      | 699 ||| READING scroll labelled PEAMAE FIDESI.
   700 | D:1      | 700 ||| DRINKING 2 viscous brown potions.
   701 | D:1      | 701 ||| DRINKING 2 smoky clear potions.
   854 | D:2      | 854 ||| Stepping ~*~*~tactically~*~*~ (stealth).
   873 | D:2      | 873 ||| FLEEEEING.
   874 | D:2      | 874 ||| FLEEEEING.
   880 | D:2      | 880 ||| FLEEEEING.
   899 | D:2      | Reached skill level 3 in Axes
   920 | D:2      | 920 ||| DROPPING +0 club.
   961 | D:2      | Reached XP level 3. HP: 23/23 MP: 3/3
  1097 | D:2      | 1097 ||| Stepping ~*~*~tactically~*~*~ (hiding).
  1219 | D:2      | 1219 ||| Stepping ~*~*~tactically~*~*~ (stealth).
  1413 | D:2      | 1413 ||| UPGRADING to +0 pair of gloves.
  1418 | D:2      | 1418 ||| READING 2 scrolls labelled KIAFEZ DIXKOU.
  1419 | D:2      | 1419 ||| READING scroll labelled YPUODO VISEKHE.
  1420 | D:2      | 1420 ||| READING scroll labelled VAEGAX BOSHROKK.
  1421 | D:2      | 1421 ||| DROPPING scroll of vulnerability.
  1767 | D:3      | Reached XP level 4. HP: 28/28 MP: 4/4
  1775 | D:3      | 1775 ||| Stepping ~*~*~tactically~*~*~ (hiding).
  2008 | D:3      | Found a faded altar of an unknown god.
  2249 | D:3      | 2249 ||| DROPPING +0 mace.
  2250 | D:3      | 2250 ||| UPGRADING to +0 plate armour.
  2260 | D:3      | 2260 ||| DROPPING +0 scale mail.
  2261 | D:3      | 2261 ||| UPGRADING to +0 cloak.
  2266 | D:3      | 2266 ||| READING scroll labelled UCKOME OGROEDI.
  2266 | D:3      | Identified a scroll of acquirement
  2266 | D:3      | 2266 ||| ACQUIRING amulet of reflection
  2266 | D:3      | Acquired an amulet of reflection
  2268 | D:3      | 2268 ||| UPGRADING to amulet of reflection.
  2273 | D:3      | 2273 ||| READING scroll labelled DITEGH FUD PIN.
  2274 | D:3      | 2274 ||| DRINKING 2 coppery potions.
  2339 | D:4      | Reached XP level 5. HP: 28/32 MP: 5/5
  2572 | D:4      | Noticed a black bear
  2584 | D:4      | Killed a black bear
  2585 | D:4      | Reached XP level 6. HP: 35/40 MP: 6/6
  2617 | D:4      | Found Gozag's Platinum Reserve.
  2621 | D:4      | Found an opulent altar of Gozag.
  2650 | D:4      | Found a burning altar of Makhleb.
  2705 | D:4      | 2705 ||| SHOPLISTING amulet of Ytouczen {Faith rElec Str+3
                  | Stlth+} (6310 gold, have 189).
  2705 | D:4      | 2705 ||| SHOPLISTING ring of the Burgomaster {rCorr MP+9
                  | Str+5} (4310 gold, have 189).
  2952 | D:4      | Found the +4 robe of Augmentation {Str+4 Int+4 Dex+4}
  3095 | D:4      | Found a transporter.
  3159 | D:4      | Found a transporter.
  3166 | D:4      | Reached XP level 7. HP: 44/44 MP: 7/7
  3176 | D:4      | Noticed qw's ghost (amateur NaHu)
  3344 | D:4      | 3344 ||| UPGRADING to +0 kite shield.
  3354 | D:4      | 3354 ||| DROPPING +0 buckler.
  3355 | D:4      | 3355 ||| READING scroll labelled BUETEW WASTOI.
  3369 | D:5      | Entered Level 5 of the Dungeon
  3370 | D:5      | 3370 ||| PLANNING SEWER
  3442 | D:5      | Found a hazy altar of Hepliaklqana.
  3485 | D:5      | Found a radiant altar of Vehumet.
  3571 | D:5      | Noticed Eustachio
  3601 | D:5      | Killed Eustachio
  3732 | D:5      | 3732 ||| Stepping ~*~*~tactically~*~*~ (stealth).
  3736 | D:5      | 3736 ||| Stepping ~*~*~tactically~*~*~ (stealth).
  3737 | D:5      | 3737 ||| Stepping ~*~*~tactically~*~*~ (stealth).
  3845 | D:5      | Noticed Dowan
  3846 | D:5      | 3846 ||| Stepping ~*~*~tactically~*~*~ (hiding).
  3851 | D:5      | Reached skill level 6 in Axes
  3858 | D:5      | Killed Dowan
  3874 | D:5      | Noticed Duvessa
  3875 | D:5      | 3875 ||| Stepping ~*~*~tactically~*~*~ (stealth).
  3890 | D:5      | Killed Duvessa
  3891 | D:5      | Reached skill level 6 in Shields
  3891 | D:5      | Reached XP level 8. HP: 24/48 MP: 8/8
  3956 | D:5      | 3956 ||| RIP SEWER
  3974 | D:5      | 3974 ||| PLANNING D:1-11
  3979 | D:5      | 3979 ||| Stepping ~*~*~tactically~*~*~ (stealth).
  4278 | D:5      | Found a blossoming altar of Fedhas.
  4523 | D:5      | 4523 ||| READING scroll labelled EQIB DU KUAFE.
  4524 | D:5      | 4524 ||| READING scroll labelled TOSIAVYCAO.
  4525 | D:5      | 4525 ||| DRINKING 2 smoky sapphire potions.
  4557 | D:6      | Noticed Edmund
  4573 | D:6      | Killed Edmund
  4652 | D:6      | 4652 ||| Stepping ~*~*~tactically~*~*~ (hiding).
  4670 | D:6      | HP: 3/48 [orc priest/divine providence (13)]
  4674 | D:6      | Killed from afar by an orc priest

Levels and vault maps discovered:
D:1:      moated_graveyard_arrival, layout_loops_ring, chequers_avenue
D:2:      layout_loops_ring, minmay_cut_off
D:3:      layout_loops_ring, shapermc_ecumenical_altar_mp_urbaneastern,
          minivault_25, minmay_misc_feat_encased
D:4:      layout_basic, lemuel_round_altar, nicolae_gozag_zags_fifth_avenue,
          gammafunk_ghost_smash
D:5:      layout_basic, mainiacjoe_overflow_small_starburst,
          nicolae_hepliaklqana_monster_ancestors, nicolae_vehumet_radiance,
          cheibrodos_sewer_entry_sluice, uniq_eustachio, uniq_duvessa
D:6:      layout_rooms, mainiacjoe_overflow_catwalk, serial_aquarium,
          aquarium_bridge_square [aquarium_subvault_balcony,
          aquarium_subvault_wall, aquarium_subvault_wall,
          aquarium_subvault_bridge], aquarium_window_fake, aquarium_window_1,
          aquarium_view_2d, aquarium_view_2a, nicolae_sextant,
          palyth_stone_intersect, minmay_fractal_squares_diagonal_5,
          uniq_blork_the_orc, uniq_edmund

Skill      XL: |  1  2  3  4  5  6  7  8 |
---------------+-------------------------+-----
Axes           | 2 3 4 5 6 |  6.6
Fighting       | 4 |  4.9
Shields        | 6 |  6.4
Armour         | 4 |  4.1

Action                     |  1- 3 |  4- 6 |  7- 9 || total
---------------------------+-------+-------+-------++-------
  Melee: War axe           |    75 |   132 |   124 ||   331
  Throw: Boomerang         |    43 |    26 |       ||    69
    Use: Scroll            |     7 |     2 |     3 ||    12
         Potion            |     2 |     1 |     1 ||     4
 Armour: Scale mail        |    44 |     8 |       ||    52
         Plate armour      |       |    71 |    56 ||   127
  Dodge: Dodged            |    29 |    28 |    13 ||    70
  Block: Buckler           |     3 |    50 |     2 ||    55
         Kite shield       |       |       |    82 ||    82

Table legend:
 A = Non-vault XP
 B = Vault XP
 C = Vault XP percentage of total XP
 D = Non-vault monster count
 E = Vault monster count
 F = Vault count percentage of total count
                 A         B        C        D         E       F
            +---------+---------+-------+---------+---------+-------
      Total |    1013 |     583 |  36.5 |      99 |      11 |  10.0
            +---------+---------+-------+---------+---------+-------
        D:1 |      21 |       0 |   0.0 |      14 |       0 |   0.0
        D:2 |      44 |       4 |   8.3 |      18 |       2 |  10.0
        D:3 |      46 |       0 |   0.0 |      19 |       0 |   0.0
        D:4 |     537 |       0 |   0.0 |      35 |       0 |   0.0
        D:5 |     229 |     415 |  64.4 |       6 |       8 |  57.1
        D:6 |     136 |     164 |  54.7 |       7 |       1 |  12.5
            +---------+---------+-------+---------+---------+-------
